 Dungeon Sprint DCSS version 0.20.1-1-g8b1a95d (webtiles) character file.

0 lol the Caller (level 1, -3/10 HPs)
             Began as a Tengu Summoner on Oct 13, 2017.
             Splashed by a jelly's acid (11 damage)
             ... in the Dungeon (Sprint VI: "Thunderdome").
             The game lasted 00:02:09 (94 turns).

lol the Caller (Tengu Summoner)                       Turns: 94, Time: 00:02:09

Health: -3/10      AC:  2    Str:  8    XL:     1   Next: 80%
Magic:  0/4        EV: 13    Int: 15    God:
Gold:   0          SH:  0    Dex: 14    Spells: 3/4 levels left

rFire    . . .     SeeInvis .   (no weapon)
rCold    . . .     Gourm    .   (no shield)
rNeg     . . .     Faith    .   a - +0 robe
rPois    .         Spirit   .   (helmet restricted)
rElec    .         Reflect  .   (no cloak)
rCorr    .         Harm     .   (no gloves)
MR       .....     NoTele   +   (boots unavailable)
Stlth    ++........             (no amulet)
Regen    0.1/turn               (no ring)
MPRegen  0.1/turn               (no ring)

@: very slightly contaminated
A: beak, talons 3
a: no special abilities


You were in the Dungeon.
You were not hungry.

You visited 1 branch

Inventory:

Armour
 a - a +0 robe (worn)
Potions
 e - a potion of heal wounds
 f - a potion of haste
 g - 2 potions of magic
 h - a potion of berserk rage
Books
 b - a book of Callings

   Spells                             Type                      Level
   a - Summon Small Mammal            Summoning                    1
   b - Call Imp                       Summoning                    2
   c - Call Canine Familiar           Summoning                    3
   d - Summon Guardian Golem          Hexes/Summoning              3
   e - Summon Lightning Spire         Summoning/Air                4
   f - Summon Ice Beast               Ice/Summoning                4
Comestibles
 c - a bread ration


   Skills:
 + Level 2.3 Dodging
 + Level 2.0 Stealth
 + Level 2.2 Spellcasting
 + Level 6.1 Summonings


You had 3 spell levels left.
You knew the following spells:

 Your Spells              Type           Power        Failure   Level  Hunger
a - Summon Small Mammal   Summ           ###.         1%          1    #......


Dungeon Overview and Level Annotations

Branches:
Dungeon (1/1)

Altars:
Cheibriados
Dithmenos
Fedhas
Gozag
Kikubaaqudgha
Makhleb
Okawaru
Ru
Sif Muna
Trog
Vehumet
Xom
Yredelemnul
Zin
The Shining One
Jiyva
Lugonu

Shops:
D *[%??*?*:[((


Innate Abilities, Weirdness & Mutations

You have a beak for a mouth.
You have claws for feet.


Message History

Your quokka is burned by acid!
Your quokka dies!
Your quokka's corpse disappears in a puff of smoke!
Casting: Summon Small Mammal
Confirm with . or Enter, or press ? or * to list all spells.
Casting: Summon Small Mammal
Confirm with . or Enter, or press ? or * to list all spells.
You don't have enough magic to cast that spell.
Your quokka bites the jelly.
Your quokka is burned by acid!
There is an entrance to Uphept's Miscellaneous Merchandise here.
Your quokka bites the jelly.
Your quokka is burned by acid!
Your quokka dies!
Your quokka's corpse disappears in a puff of smoke!
The jelly closely misses you.
Okay, then.
The jelly hits you.
You are splashed with acid!
The acid burns!
Ouch! That really hurt!
You die...

##∩___......###......
######.8.........8.#
#⌠...........⌠#
###.........###
#_......._#
#_J......_#
#........_#
#∩..J....∩#
##∩J.@..∩# ##.....##
##⌠⌠⌠## #####


You could see 3 jellies.

Vanquished Creatures (collateral kills)
  2 oozes (D)
2 creatures vanquished.

Notes
Turn   | Place    | Note
-------+----------+-------------------------------------------
     0 | D        | lol the Tengu Summoner began the quest for the Orb.
     0 | D        | Reached XP level 1. HP: 10/10 MP: 4/4
     1 | D        | Found a glowing silver altar of Zin.
     1 | D        | Found a burning altar of Makhleb.
     2 | D        | Found an iron altar of Okawaru.
     3 | D        | Found a glowing golden altar of the Shining One.
     3 | D        | Found an opulent altar of Gozag.
     4 | D        | Found a corrupted altar of Lugonu.
     4 | D        | Found a radiant altar of Vehumet.
     4 | D        | Found Plog's Staff Store.
     4 | D        | Found Nohaehe's Magic Scroll Shop.
     5 | D        | Found Itues's Must-Have Magic.
     5 | D        | Found Ipaogrib's Magic Scroll Shop.
     5 | D        | Round 1.
    28 | D        | Found a shadowy altar of Dithmenos.
    31 | D        | Found a sacrificial altar of Ru.
    31 | D        | Found Qokh's Bee Food.
    50 | D        | Reached skill level 5 in Summonings
    52 | D        | Reached skill level 6 in Summonings
    63 | D        | Noticed a jelly
    65 | D        | Noticed a jelly
    71 | D        | Found Keredem's Jewellery.
    72 | D        | Found Bisirr's Advanced Armour.
    76 | D        | Noticed a jelly
    76 | D        | Found a blossoming altar of Fedhas.
    76 | D        | Found a snail-covered altar of Cheibriados.
    76 | D        | Found a shimmering altar of Xom.
    76 | D        | Found Juakkipo's Identification Station.
    81 | D        | Found a basalt altar of Yredelemnul.
    84 | D        | Found a deep blue altar of Sif Muna.
    84 | D        | Found a bloodstained altar of Trog.
    84 | D        | Found an ancient bone altar of Kikubaaqudgha.
    84 | D        | Found a viscous altar of Jiyva.
    84 | D        | Found Lugyuvun's Premium Goods.
    84 | D        | Found Ytuobatho's Weapon Rack.
    84 | D        | Found Uphept's Miscellaneous Merchandise.
    84 | D        | Found Fit Qay's Basic Armour.
    94 | D        | Splashed by a jelly's acid

Skill      XL: |  1 |
---------------+----+-----
Summonings     | 6 |  6.1
Dodging        | |  2.3
Stealth        | |  2.0
Spellcasting   | |  2.2

Action                   || total
-------------------------++-------
 Cast: Summon Small Mamm ||     9
  Use: Scroll            ||     1
       Potion            ||     1
Dodge: Dodged            ||     5
